Connexion

PHILADELPHIA Flyers vs DETROIT Red Wings

Created - 24 novembre 2023 at 05:49

Goals
1 2 3 T
PHILADELPHIA Flyers 1 3 0 4
DETROIT Red Wings 1 0 0 1
Shots
1 2 3 T
PHILADELPHIA Flyers 9 5 10 24
DETROIT Red Wings 8 14 8 30

GoalsPenalties
1st period
1. PHILADELPHIA Flyers , Sam Reinhart 7 (Calen Addison 20, Pavel Buchnevich 11) at 8:20
2. DETROIT Red Wings , Tyson Jost 9 (Erik Karlsson 19, Devon Toews 15) at 18:47
Sam Reinhart (PHI) for Holding (Minor) at 0:59
Nikita Zadorov (DET) for Hooking (Minor) at 16:16
2nd period
3. PHILADELPHIA Flyers , Jason Zucker 15 (Tj Brodie 26, Sean Monahan 19) at 11:38
4. PHILADELPHIA Flyers , Brock McGinn 12 (Justin Faulk 15) at 13:30
5. PHILADELPHIA Flyers , Austin Czarnik 19 (Jason Zucker 21, Alex Pietrangelo 15) at 18:37
Alex Pietrangelo (PHI) for Holding (Minor) at 4:08
Gabriel Landeskog (DET) for Roughing (Minor) at 8:21
3rd period
No Goal
Alex Pietrangelo (PHI) for Holding (Minor) at 8:50
Kasperi Kapanen (PHI) for Slashing (Minor) at 11:09
Matt Roy (PHI) for Cross-checking (Minor) at 13:44
Nikita Zadorov (DET) for Hooking (Minor) at 18:06
Goalie Stats
Stuart Skinner (PHI), 29 saves from 30 shots - (0,967), W, 20-13-1, 60:00 minutes
Elvis Merzlikins (DET), 10 saves from 14 shots - (0,714), L, 12-18-2, 38:37 minutes
Alexandar Georgiev (DET), 10 saves from 10 shots - (1,000), 21:23 minutes
3 StarsOfficial
1 - Jason Zucker (PHI)
2 - Stuart Skinner (PHI)
3 - Austin Czarnik (PHI)
Referees : Rob Martell and Dave Jackson
Linesman : Vaughan Rody and Tony Sericolo
Game Note
Alexandar Georgiev enters game at 18:37 of 2nd period
Finance
Level 1 -- Attendance: 5610 (93,50%) -- Ticket Income 645 150 $
Level 2 -- Attendance: 5609 (79,38%) -- Ticket Income 420 675 $
Level 3 -- Attendance: 2000 (100,00%) -- Ticket Income 110 000 $
Level 4 -- Attendance: 3891 (97,28%) -- Ticket Income 124 512 $
Luxury Box -- Attendance: 1000 (100,00%) -- Ticket Income 227 000 $
Game was played at the Joe Louis Arena.
Total Attendance: 18110 (90,25%)
Total Ticket Income: 1 527 337 $
Other Income: 305 467 $
Total Income: 1 832 804 $



Team Name Goals Shots Shots Attemp Shots Blocked PIM HIT PP PK FO%
PHILADELPHIA Flyers 424491210210 / 3 (0%)041%
DETROIT Red Wings 1306796180 / 5 (0%)059%

PHILADELPHIA Flyers
Player Name POS G A P +/- PIM HIT SHT SB MP PP MP PP SHT PK MP PK SHT FO% FOT
Adam LowryC/LW000002004:120:0000:0000% 1
Alex PietrangeloD0112401223:162:3912:5600% 0
Austin CzarnikC/RW1012006025:573:2105:560100% 1
Brock McGinnLW/RW1010001010:430:1300:41050% 2
Calen AddisonD0112012422:303:1204:5510% 0
Jakob SilfverbergLW/RW0001012015:502:1710:0000% 0
Jason ZuckerLW/RW1122012023:193:2103:1800% 4
Joe VelenoC000001109:490:0000:00020% 5
Justin FaulkD0112020222:423:1205:0700% 0
Kasperi KapanenLW/RW000021009:480:0000:0000% 0
Matt RoyD000-1230013:590:0001:5200% 0
Nail YakupovRW000000104:530:0000:41050% 2
Olli MaattaD000-1010012:080:0000:0000% 0
Pavel BuchnevichLW/RW0111033019:212:3003:1800% 0
Sam ReinhartC/RW1011201016:022:3000:00050% 20
Sean MonahanC0112030025:573:2105:56041% 44
Tj BrodieD0112024425:222:3905:0000% 0
Zach PariseC/LW000000004:120:0000:00050% 6
DETROIT Red Wings
Player Name POS G A P +/- PIM HIT SHT SB MP PP MP PP SHT PK MP PK SHT FO% FOT
Ben MeyersC/LW000-100002:240:0000:0000% 0
Devon ToewsD011-1000025:175:2902:5600% 0
Drake BathersonC/RW000-1012020:405:0511:33058% 24
Erik KarlssonD011-1001225:435:2903:2200% 0
Gabriel LandeskogLW/RW0000210013:130:0000:2600% 0
Jake BeanD000-1020314:370:0001:0900% 0
Jake DeBruskLW/RW000-1001023:424:5003:52050% 2
Jamie BennC/LW000-2024126:204:5024:06066% 35
Mattias JanmarkC/LW/RW000-100002:240:0000:00050% 4
Mike AmadioC/LW/RW0000000012:480:0000:0000% 0
Mikko RantanenC/LW/RW000-1005119:195:0510:1200% 1
Morgan RiellyD000-1003020:214:2622:0100% 0
Nathan MackinnonC/RW000-1026021:234:5021:33067% 3
Nikita ZadorovD000-1482019:044:2600:4600% 0
Noah GregorC000000000:000:0000:0000% 0
Sami NikuD000-1011114:560:0001:2800% 0
Tyson JostC/LW1010013112:480:0000:00042% 12
Valeri NichushkinLW/RW000-1002019:075:0500:00075% 4



Play-by-Play

1st period


0:01 of 1st period - Jamie Benn wins face-off versus Sean Monahan in neutral zone.
0:12 of 1st period - Shot by Nathan Mackinnon.
0:12 of 1st period - Stopped by Stuart Skinner with a rebound.
0:27 of 1st period - Jake DeBrusk is hit by Tj Brodie and loses puck.
0:59 of 1st period - Minor Penalty to Sam Reinhart for Holding.
1:00 of 1st period - Nail Yakupov wins face-off versus Valeri Nichushkin in PHILADELPHIA Flyers zone.
1:08 of 1st period - Off-side.
1:09 of 1st period - Drake Batherson wins face-off versus Jason Zucker in neutral zone.
2:12 of 1st period - Shot by Nathan Mackinnon.
2:12 of 1st period - Stopped by Stuart Skinner without a rebound.
2:13 of 1st period - Sean Monahan wins face-off versus Jamie Benn in PHILADELPHIA Flyers zone.
2:44 of 1st period - Shot by Devon Toews.
2:44 of 1st period - Shot Blocked by Calen Addison.
3:26 of 1st period - Shot by Mike Amadio.
3:26 of 1st period - Shot Misses the Net.
3:28 of 1st period - Shot by Jake Bean.
3:28 of 1st period - Shot Misses the Net.
3:31 of 1st period - Icing by Olli Maatta.
3:32 of 1st period - Valeri Nichushkin wins face-off versus Brock McGinn in PHILADELPHIA Flyers zone.
3:39 of 1st period - Shot by Mikko Rantanen.
3:39 of 1st period - Stopped by Stuart Skinner without a rebound.
3:40 of 1st period - Drake Batherson wins face-off versus Sam Reinhart in PHILADELPHIA Flyers zone.
4:05 of 1st period - Shot by Mikko Rantanen.
4:05 of 1st period - Stopped by Stuart Skinner without a rebound.
4:06 of 1st period - Jamie Benn wins face-off versus Sean Monahan in PHILADELPHIA Flyers zone.
4:53 of 1st period - Icing by Devon Toews.
4:54 of 1st period - Sam Reinhart wins face-off versus Jamie Benn in DETROIT Red Wings zone.
5:07 of 1st period - Jake DeBrusk is hit by Pavel Buchnevich.
5:56 of 1st period - Icing by Morgan Rielly.
5:57 of 1st period - Valeri Nichushkin wins face-off versus Adam Lowry in DETROIT Red Wings zone.
5:57 of 1st period - Valeri Nichushkin is hit by Adam Lowry.
6:05 of 1st period - Shot by Drake Batherson.
6:05 of 1st period - Shot Misses the Net.
6:07 of 1st period - Shot by Drake Batherson.
6:07 of 1st period - Shot Misses the Net.
6:11 of 1st period - Shot by Valeri Nichushkin.
6:11 of 1st period - Stopped by Stuart Skinner without a rebound.
6:12 of 1st period - Sean Monahan wins face-off versus Tyson Jost in PHILADELPHIA Flyers zone.
6:19 of 1st period - Shot by Sean Monahan.
6:19 of 1st period - Shot Blocked by Jake Bean.
6:33 of 1st period - Sean Monahan is hit by Gabriel Landeskog and loses puck.
7:17 of 1st period - Shot by Brock McGinn.
7:17 of 1st period - Shot Blocked by Tyson Jost.
7:27 of 1st period - Shot by Brock McGinn.
7:27 of 1st period - Shot Misses the Net.
7:35 of 1st period - Shot by Tj Brodie.
7:35 of 1st period - Stopped by Elvis Merzlikins without a rebound.
7:36 of 1st period - Sam Reinhart wins face-off versus Drake Batherson in DETROIT Red Wings zone.
8:18 of 1st period - Shot by Calen Addison.
8:18 of 1st period - Stopped by Elvis Merzlikins with a rebound.
8:20 of 1st period - Shot by Sam Reinhart.
8:20 of 1st period - Goal by Sam Reinhart - PHILADELPHIA Flyers : 1 - DETROIT Red Wings : 0.
8:21 of 1st period - Zach Parise wins face-off versus Mattias Janmark in neutral zone.
9:20 of 1st period - Shot by Jason Zucker.
9:20 of 1st period - Stopped by Elvis Merzlikins without a rebound.
9:21 of 1st period - Sean Monahan wins face-off versus Drake Batherson in DETROIT Red Wings zone.
9:21 of 1st period - Sean Monahan is hit by Nikita Zadorov.
9:24 of 1st period - Austin Czarnik is hit by Nikita Zadorov and loses puck.
9:27 of 1st period - Shot by Austin Czarnik.
9:27 of 1st period - Shot Misses the Net.
9:29 of 1st period - Shot by Jason Zucker.
9:29 of 1st period - Shot Misses the Net.
10:02 of 1st period - Icing by Calen Addison.
10:03 of 1st period - Tyson Jost wins face-off versus Sean Monahan in PHILADELPHIA Flyers zone.
10:03 of 1st period - Tyson Jost is hit by Calen Addison.
10:40 of 1st period - Olli Maatta is hit by Sami Niku and loses puck.
11:55 of 1st period - Icing by Erik Karlsson.
11:56 of 1st period - Jamie Benn wins face-off versus Sean Monahan in DETROIT Red Wings zone.
12:28 of 1st period - Austin Czarnik is hit by Nikita Zadorov and loses puck.
13:26 of 1st period - Joe Veleno is hit by Jake Bean and loses puck.
14:05 of 1st period - Shot by Sam Reinhart.
14:05 of 1st period - Shot Blocked by Jake Bean.
14:07 of 1st period - Shot by Jakob Silfverberg.
14:07 of 1st period - Shot Misses the Net.
14:09 of 1st period - Shot by Tj Brodie.
14:09 of 1st period - Stopped by Elvis Merzlikins with a rebound.
14:11 of 1st period - Shot by Alex Pietrangelo.
14:11 of 1st period - Shot Blocked by Sami Niku.
14:17 of 1st period - Shot by Pavel Buchnevich.
14:17 of 1st period - Stopped by Elvis Merzlikins without a rebound.
14:18 of 1st period - Jamie Benn wins face-off versus Zach Parise in DETROIT Red Wings zone.
15:32 of 1st period - Shot by Sean Monahan.
15:32 of 1st period - Shot Misses the Net.
15:34 of 1st period - Shot by Tj Brodie.
15:34 of 1st period - Shot Misses the Net.
15:36 of 1st period - Shot by Tj Brodie.
15:36 of 1st period - Stopped by Elvis Merzlikins without a rebound.
15:37 of 1st period - Sam Reinhart wins face-off versus Tyson Jost in DETROIT Red Wings zone.
16:12 of 1st period - Shot by Pavel Buchnevich.
16:12 of 1st period - Stopped by Elvis Merzlikins without a rebound.
16:13 of 1st period - Sean Monahan wins face-off versus Drake Batherson in DETROIT Red Wings zone.
16:13 of 1st period - Sean Monahan is hit by Nikita Zadorov.
16:16 of 1st period - Minor Penalty to Nikita Zadorov for Hooking.
16:17 of 1st period - Jamie Benn wins face-off versus Sean Monahan in DETROIT Red Wings zone.
17:30 of 1st period - Shot by Jakob Silfverberg.
17:30 of 1st period - Stopped by Elvis Merzlikins without a rebound.
17:31 of 1st period - Nathan Mackinnon wins face-off versus Sam Reinhart in DETROIT Red Wings zone.
18:20 of 1st period - Devon Toews is hit by Kasperi Kapanen and loses puck.
18:36 of 1st period - Mike Amadio is hit by Matt Roy and loses puck.
18:41 of 1st period - Shot by Tyson Jost.
18:41 of 1st period - Stopped by Stuart Skinner with a rebound.
18:47 of 1st period - Shot by Tyson Jost.
18:47 of 1st period - Goal by Tyson Jost - PHILADELPHIA Flyers : 1 - DETROIT Red Wings : 1.
18:48 of 1st period - Zach Parise wins face-off versus Drake Batherson in neutral zone.
19:09 of 1st period - Icing by Valeri Nichushkin.
19:10 of 1st period - Drake Batherson wins face-off versus Sean Monahan in DETROIT Red Wings zone.
19:12 of 1st period - Icing by Valeri Nichushkin.
19:13 of 1st period - Sean Monahan wins face-off versus Drake Batherson in DETROIT Red Wings zone.
19:37 of 1st period - Shot by Drake Batherson.
19:37 of 1st period - Stopped by Stuart Skinner without a rebound.
19:38 of 1st period - Jamie Benn wins face-off versus Sam Reinhart in PHILADELPHIA Flyers zone.
19:39 of 1st period - Shot by Jake DeBrusk.
19:39 of 1st period - Shot Misses the Net.
Goals for this period are 1 for PHILADELPHIA Flyers vs 1 for DETROIT Red Wings.
Shots for this period are 9 for PHILADELPHIA Flyers vs 8 for DETROIT Red Wings.

2nd period


0:01 of 2nd period - Jamie Benn wins face-off versus Sean Monahan in neutral zone.
0:08 of 2nd period - Icing by Jason Zucker.
0:09 of 2nd period - Jamie Benn wins face-off versus Sean Monahan in PHILADELPHIA Flyers zone.
0:38 of 2nd period - Devon Toews is hit by Sean Monahan.
0:56 of 2nd period - Jamie Benn is hit by Sean Monahan and loses puck.
1:08 of 2nd period - Off-side.
1:09 of 2nd period - Sam Reinhart wins face-off versus Mikko Rantanen in neutral zone.
1:17 of 2nd period - Icing by Morgan Rielly.
1:18 of 2nd period - Sam Reinhart wins face-off versus Drake Batherson in DETROIT Red Wings zone.
1:41 of 2nd period - Shot by Valeri Nichushkin.
1:41 of 2nd period - Stopped by Stuart Skinner with a rebound.
1:43 of 2nd period - Shot by Mikko Rantanen.
1:43 of 2nd period - Shot Misses the Net.
1:45 of 2nd period - Shot by Drake Batherson.
1:45 of 2nd period - Shot Blocked by Calen Addison.
2:25 of 2nd period - Mikko Rantanen is hit by Joe Veleno and loses puck.
3:00 of 2nd period - Icing by Matt Roy.
3:01 of 2nd period - Brock McGinn wins face-off versus Tyson Jost in PHILADELPHIA Flyers zone.
4:08 of 2nd period - Minor Penalty to Alex Pietrangelo for Holding.
4:09 of 2nd period - Jamie Benn wins face-off versus Nail Yakupov in PHILADELPHIA Flyers zone.
4:10 of 2nd period - Shot by Devon Toews.
4:10 of 2nd period - Shot Misses the Net.
4:18 of 2nd period - Shot by Nathan Mackinnon.
4:18 of 2nd period - Shot Blocked by Calen Addison.
4:24 of 2nd period - Shot by Jamie Benn.
4:24 of 2nd period - Shot Blocked by Justin Faulk.
4:26 of 2nd period - Shot by Devon Toews.
4:26 of 2nd period - Shot Misses the Net.
4:28 of 2nd period - Shot by Jamie Benn.
4:28 of 2nd period - Stopped by Stuart Skinner without a rebound.
4:29 of 2nd period - Drake Batherson wins face-off versus Sean Monahan in PHILADELPHIA Flyers zone.
5:00 of 2nd period - Shot by Valeri Nichushkin.
5:00 of 2nd period - Deflect By Drake Batherson.
5:00 of 2nd period - Stopped by Stuart Skinner without a rebound.
5:01 of 2nd period - Jamie Benn wins face-off versus Jason Zucker in PHILADELPHIA Flyers zone.
5:20 of 2nd period - Shot by Jamie Benn.
5:20 of 2nd period - Stopped by Stuart Skinner without a rebound.
5:21 of 2nd period - Sean Monahan wins face-off versus Drake Batherson in PHILADELPHIA Flyers zone.
6:16 of 2nd period - Shot by Sami Niku.
6:16 of 2nd period - Stopped by Stuart Skinner without a rebound.
6:17 of 2nd period - Jamie Benn wins face-off versus Sam Reinhart in PHILADELPHIA Flyers zone.
6:19 of 2nd period - Nathan Mackinnon is hit by Justin Faulk and loses puck.
6:32 of 2nd period - Shot by Jamie Benn.
6:32 of 2nd period - Stopped by Stuart Skinner with a rebound.
6:52 of 2nd period - Sam Reinhart is hit by Nathan Mackinnon and loses puck.
7:11 of 2nd period - Brock McGinn is hit by Jamie Benn and loses puck.
7:42 of 2nd period - Shot by Mike Amadio.
7:42 of 2nd period - Shot Blocked by Alex Pietrangelo.
7:44 of 2nd period - Shot by Tyson Jost.
7:44 of 2nd period - Stopped by Stuart Skinner without a rebound.
7:45 of 2nd period - Zach Parise wins face-off versus Drake Batherson in PHILADELPHIA Flyers zone.
8:02 of 2nd period - Shot by Mikko Rantanen.
8:02 of 2nd period - Stopped by Stuart Skinner without a rebound.
8:03 of 2nd period - Tyson Jost wins face-off versus Sean Monahan in PHILADELPHIA Flyers zone.
8:21 of 2nd period - Minor Penalty to Gabriel Landeskog for Roughing.
8:22 of 2nd period - Sam Reinhart wins face-off versus Jamie Benn in DETROIT Red Wings zone.
8:43 of 2nd period - Shot by Alex Pietrangelo.
8:43 of 2nd period - Stopped by Elvis Merzlikins without a rebound.
8:44 of 2nd period - Jamie Benn wins face-off versus Sean Monahan in DETROIT Red Wings zone.
9:01 of 2nd period - Jamie Benn is hit by Sean Monahan and loses puck.
9:17 of 2nd period - Icing by Calen Addison.
9:18 of 2nd period - Nathan Mackinnon wins face-off versus Sean Monahan in PHILADELPHIA Flyers zone.
9:18 of 2nd period - Erik Karlsson is hit by Justin Faulk and loses puck.
10:31 of 2nd period - Icing by Jake Bean.
10:32 of 2nd period - Tyson Jost wins face-off versus Zach Parise in DETROIT Red Wings zone.
11:30 of 2nd period - Shot by Valeri Nichushkin.
11:30 of 2nd period - Deflect By Mikko Rantanen.
11:30 of 2nd period - Shot Misses the Net.
11:32 of 2nd period - Shot by Morgan Rielly.
11:32 of 2nd period - Stopped by Stuart Skinner without a rebound.
11:33 of 2nd period - Sean Monahan wins face-off versus Mattias Janmark in PHILADELPHIA Flyers zone.
11:38 of 2nd period - Shot by Jason Zucker.
11:38 of 2nd period - Goal by Jason Zucker - PHILADELPHIA Flyers : 2 - DETROIT Red Wings : 1.
11:39 of 2nd period - Jamie Benn wins face-off versus Sean Monahan in neutral zone.
12:04 of 2nd period - Icing by Devon Toews.
12:05 of 2nd period - Jamie Benn wins face-off versus Sam Reinhart in DETROIT Red Wings zone.
12:32 of 2nd period - Shot by Jake DeBrusk.
12:32 of 2nd period - Deflect By Nathan Mackinnon.
12:32 of 2nd period - Stopped by Stuart Skinner without a rebound.
12:33 of 2nd period - Drake Batherson wins face-off versus Sean Monahan in PHILADELPHIA Flyers zone.
12:48 of 2nd period - Shot by Nikita Zadorov.
12:48 of 2nd period - Stopped by Stuart Skinner without a rebound.
12:49 of 2nd period - Tyson Jost wins face-off versus Joe Veleno in PHILADELPHIA Flyers zone.
13:22 of 2nd period - Shot by Mike Amadio.
13:22 of 2nd period - Shot Blocked by Calen Addison.
13:30 of 2nd period - Shot by Brock McGinn.
13:30 of 2nd period - Goal by Brock McGinn - PHILADELPHIA Flyers : 3 - DETROIT Red Wings : 1.
13:31 of 2nd period - Jamie Benn wins face-off versus Sean Monahan in neutral zone.
13:36 of 2nd period - Shot by Jake DeBrusk.
13:36 of 2nd period - Deflect By Nathan Mackinnon.
13:36 of 2nd period - Stopped by Stuart Skinner without a rebound.
13:37 of 2nd period - Sean Monahan wins face-off versus Jamie Benn in PHILADELPHIA Flyers zone.
14:11 of 2nd period - Icing by Erik Karlsson.
14:12 of 2nd period - Jamie Benn wins face-off versus Sam Reinhart in DETROIT Red Wings zone.
14:27 of 2nd period - Shot by Jamie Benn.
14:27 of 2nd period - Stopped by Stuart Skinner without a rebound.
14:28 of 2nd period - Drake Batherson wins face-off versus Joe Veleno in PHILADELPHIA Flyers zone.
15:31 of 2nd period - Icing by Sami Niku.
15:32 of 2nd period - Mattias Janmark wins face-off versus Sean Monahan in DETROIT Red Wings zone.
15:36 of 2nd period - Sami Niku is hit by Tj Brodie and loses puck.
15:40 of 2nd period - Icing by Austin Czarnik.
15:41 of 2nd period - Sean Monahan wins face-off versus Jamie Benn in PHILADELPHIA Flyers zone.
16:12 of 2nd period - Icing by Jason Zucker.
16:13 of 2nd period - Drake Batherson wins face-off versus Sean Monahan in PHILADELPHIA Flyers zone.
16:16 of 2nd period - Shot by Mikko Rantanen.
16:16 of 2nd period - Shot Misses the Net.
16:22 of 2nd period - Shot by Mikko Rantanen.
16:22 of 2nd period - Shot Misses the Net.
16:24 of 2nd period - Shot by Valeri Nichushkin.
16:24 of 2nd period - Shot Misses the Net.
16:57 of 2nd period - Icing by Pavel Buchnevich.
16:58 of 2nd period - Sam Reinhart wins face-off versus Jamie Benn in PHILADELPHIA Flyers zone.
16:58 of 2nd period - Pavel Buchnevich is hit by Jamie Benn.
17:02 of 2nd period - Shot by Jakob Silfverberg.
17:02 of 2nd period - Shot Misses the Net.
17:04 of 2nd period - Shot by Pavel Buchnevich.
17:04 of 2nd period - Stopped by Elvis Merzlikins without a rebound.
17:05 of 2nd period - Jamie Benn wins face-off versus Sam Reinhart in DETROIT Red Wings zone.
17:26 of 2nd period - Shot by Jake DeBrusk.
17:26 of 2nd period - Shot Hit the Post.
17:32 of 2nd period - Shot by Nathan Mackinnon.
17:32 of 2nd period - Stopped by Stuart Skinner without a rebound.
17:33 of 2nd period - Drake Batherson wins face-off versus Joe Veleno in PHILADELPHIA Flyers zone.
17:33 of 2nd period - Drake Batherson is hit by Matt Roy.
17:35 of 2nd period - Shot by Mikko Rantanen.
17:35 of 2nd period - Shot Misses the Net.
17:57 of 2nd period - Shot by Brock McGinn.
17:57 of 2nd period - Shot Blocked by Mikko Rantanen.
17:59 of 2nd period - Shot by Olli Maatta.
17:59 of 2nd period - Shot Misses the Net.
18:03 of 2nd period - Shot by Kasperi Kapanen.
18:03 of 2nd period - Shot Misses the Net.
18:14 of 2nd period - Kasperi Kapanen is hit by Nikita Zadorov and loses puck.
18:35 of 2nd period - Shot by Jason Zucker.
18:35 of 2nd period - Shot Misses the Net.
18:37 of 2nd period - Shot by Austin Czarnik.
18:37 of 2nd period - Goal by Austin Czarnik - PHILADELPHIA Flyers : 4 - DETROIT Red Wings : 1.
18:37 of 2nd period - Alexandar Georgiev enters game.
18:38 of 2nd period - Sam Reinhart wins face-off versus Jamie Benn in neutral zone.
18:43 of 2nd period - Shot by Pavel Buchnevich.
18:43 of 2nd period - Shot Blocked by Erik Karlsson.
19:01 of 2nd period - Jake DeBrusk is hit by Pavel Buchnevich and loses puck.
19:05 of 2nd period - Icing by Erik Karlsson.
19:06 of 2nd period - Sean Monahan wins face-off versus Jamie Benn in DETROIT Red Wings zone.
Goals for this period are 3 for PHILADELPHIA Flyers vs 0 for DETROIT Red Wings.
Shots for this period are 5 for PHILADELPHIA Flyers vs 14 for DETROIT Red Wings.

3rd period


0:01 of 3rd period - Sean Monahan wins face-off versus Jamie Benn in neutral zone.
0:14 of 3rd period - Shot by Sean Monahan.
0:14 of 3rd period - Deflect By Austin Czarnik.
0:14 of 3rd period - Shot Misses the Net.
0:20 of 3rd period - Shot by Jamie Benn.
0:20 of 3rd period - Shot Misses the Net.
0:22 of 3rd period - Shot by Jake DeBrusk.
0:22 of 3rd period - Stopped by Stuart Skinner without a rebound.
0:23 of 3rd period - Sam Reinhart wins face-off versus Drake Batherson in PHILADELPHIA Flyers zone.
1:03 of 3rd period - Drake Batherson is hit by Jakob Silfverberg and loses puck.
1:25 of 3rd period - Off-side.
1:26 of 3rd period - Jamie Benn wins face-off versus Sean Monahan in neutral zone.
1:51 of 3rd period - Shot by Austin Czarnik.
1:51 of 3rd period - Stopped by Alexandar Georgiev without a rebound.
1:52 of 3rd period - Tyson Jost wins face-off versus Joe Veleno in DETROIT Red Wings zone.
2:21 of 3rd period - Joe Veleno is hit by Tyson Jost and loses puck.
2:48 of 3rd period - Icing by Sean Monahan.
2:49 of 3rd period - Austin Czarnik wins face-off versus Jamie Benn in PHILADELPHIA Flyers zone.
3:06 of 3rd period - Shot by Austin Czarnik.
3:06 of 3rd period - Shot Blocked by Jamie Benn.
4:12 of 3rd period - Icing by Morgan Rielly.
4:13 of 3rd period - Drake Batherson wins face-off versus Zach Parise in DETROIT Red Wings zone.
4:13 of 3rd period - Drake Batherson is hit by Adam Lowry.
4:36 of 3rd period - Shot by Nail Yakupov.
4:36 of 3rd period - Stopped by Alexandar Georgiev with a rebound.
4:47 of 3rd period - Off-side.
4:48 of 3rd period - Sean Monahan wins face-off versus Tyson Jost in neutral zone.
5:13 of 3rd period - Shot by Austin Czarnik.
5:13 of 3rd period - Stopped by Alexandar Georgiev with a rebound.
5:15 of 3rd period - Shot by Austin Czarnik.
5:15 of 3rd period - Stopped by Alexandar Georgiev without a rebound.
5:16 of 3rd period - Mattias Janmark wins face-off versus Sam Reinhart in DETROIT Red Wings zone.
5:45 of 3rd period - Shot by Erik Karlsson.
5:45 of 3rd period - Stopped by Stuart Skinner without a rebound.
5:46 of 3rd period - Drake Batherson wins face-off versus Sean Monahan in PHILADELPHIA Flyers zone.
5:47 of 3rd period - Shot by Mikko Rantanen.
5:47 of 3rd period - Stopped by Stuart Skinner with a rebound.
5:49 of 3rd period - Shot by Nikita Zadorov.
5:49 of 3rd period - Stopped by Stuart Skinner without a rebound.
5:50 of 3rd period - Sean Monahan wins face-off versus Drake Batherson in PHILADELPHIA Flyers zone.
5:55 of 3rd period - Shot by Tj Brodie.
5:55 of 3rd period - Stopped by Alexandar Georgiev with a rebound.
5:57 of 3rd period - Shot by Austin Czarnik.
5:57 of 3rd period - Stopped by Alexandar Georgiev without a rebound.
5:58 of 3rd period - Jamie Benn wins face-off versus Sean Monahan in DETROIT Red Wings zone.
6:17 of 3rd period - Shot by Nathan Mackinnon.
6:17 of 3rd period - Shot Blocked by Tj Brodie.
6:25 of 3rd period - Shot by Austin Czarnik.
6:25 of 3rd period - Shot Misses the Net.
6:41 of 3rd period - Shot by Austin Czarnik.
6:41 of 3rd period - Stopped by Alexandar Georgiev without a rebound.
6:42 of 3rd period - Valeri Nichushkin wins face-off versus Sam Reinhart in DETROIT Red Wings zone.
6:54 of 3rd period - Pavel Buchnevich is hit by Nikita Zadorov and loses puck.
7:19 of 3rd period - Shot by Jakob Silfverberg.
7:19 of 3rd period - Shot Misses the Net.
7:21 of 3rd period - Shot by Jakob Silfverberg.
7:21 of 3rd period - Stopped by Alexandar Georgiev without a rebound.
7:22 of 3rd period - Joe Veleno wins face-off versus Tyson Jost in DETROIT Red Wings zone.
7:29 of 3rd period - Shot by Joe Veleno.
7:29 of 3rd period - Shot Misses the Net.
7:32 of 3rd period - Icing by Sami Niku.
7:33 of 3rd period - Sean Monahan wins face-off versus Tyson Jost in DETROIT Red Wings zone.
7:55 of 3rd period - Icing by Jake Bean.
7:56 of 3rd period - Sam Reinhart wins face-off versus Tyson Jost in DETROIT Red Wings zone.
7:56 of 3rd period - Sam Reinhart is hit by Jake Bean.
8:04 of 3rd period - Shot by Pavel Buchnevich.
8:04 of 3rd period - Shot Misses the Net.
8:29 of 3rd period - Off-side.
8:30 of 3rd period - Sean Monahan wins face-off versus Jake DeBrusk in neutral zone.
8:45 of 3rd period - Shot by Jake DeBrusk.
8:45 of 3rd period - Shot Blocked by Alex Pietrangelo.
8:50 of 3rd period - Minor Penalty to Alex Pietrangelo for Holding.
8:51 of 3rd period - Drake Batherson wins face-off versus Sean Monahan in PHILADELPHIA Flyers zone.
8:52 of 3rd period - Shot by Morgan Rielly.
8:52 of 3rd period - Shot Misses the Net.
8:54 of 3rd period - Shot by Morgan Rielly.
8:54 of 3rd period - Shot Misses the Net.
8:56 of 3rd period - Shot by Morgan Rielly.
8:56 of 3rd period - Shot Blocked by Justin Faulk.
9:06 of 3rd period - Shot by Valeri Nichushkin.
9:06 of 3rd period - Shot Misses the Net.
10:21 of 3rd period - Shot by Erik Karlsson.
10:21 of 3rd period - Shot Blocked by Tj Brodie.
10:33 of 3rd period - Shot by Jake DeBrusk.
10:33 of 3rd period - Shot Misses the Net.
11:09 of 3rd period - Minor Penalty to Kasperi Kapanen for Slashing.
11:10 of 3rd period - Drake Batherson wins face-off versus Sean Monahan in PHILADELPHIA Flyers zone.
11:30 of 3rd period - Shot by Morgan Rielly.
11:30 of 3rd period - Shot Misses the Net.
11:32 of 3rd period - Shot by Valeri Nichushkin.
11:32 of 3rd period - Shot Blocked by Tj Brodie.
11:34 of 3rd period - Shot by Mikko Rantanen.
11:34 of 3rd period - Stopped by Stuart Skinner without a rebound.
11:35 of 3rd period - Jake DeBrusk wins face-off versus Jason Zucker in PHILADELPHIA Flyers zone.
11:50 of 3rd period - Shot by Calen Addison.
11:50 of 3rd period - Stopped by Alexandar Georgiev without a rebound.
11:51 of 3rd period - Drake Batherson wins face-off versus Sean Monahan in DETROIT Red Wings zone.
12:13 of 3rd period - Austin Czarnik is hit by Drake Batherson and loses puck.
12:35 of 3rd period - Icing by Jake DeBrusk.
12:36 of 3rd period - Jamie Benn wins face-off versus Jason Zucker in DETROIT Red Wings zone.
12:36 of 3rd period - Jamie Benn is hit by Jason Zucker.
12:43 of 3rd period - Nathan Mackinnon is hit by Pavel Buchnevich.
12:47 of 3rd period - Shot by Nikita Zadorov.
12:47 of 3rd period - Shot Misses the Net.
12:49 of 3rd period - Shot by Morgan Rielly.
12:49 of 3rd period - Shot Misses the Net.
12:51 of 3rd period - Shot by Morgan Rielly.
12:51 of 3rd period - Stopped by Stuart Skinner without a rebound.
12:52 of 3rd period - Jamie Benn wins face-off versus Sean Monahan in PHILADELPHIA Flyers zone.
13:42 of 3rd period - Icing by Olli Maatta.
13:43 of 3rd period - Jamie Benn wins face-off versus Sam Reinhart in PHILADELPHIA Flyers zone.
13:43 of 3rd period - Jake DeBrusk is hit by Olli Maatta and loses puck.
13:44 of 3rd period - Minor Penalty to Matt Roy for Cross-checking.
13:45 of 3rd period - Sean Monahan wins face-off versus Jamie Benn in PHILADELPHIA Flyers zone.
13:45 of 3rd period - Sean Monahan is hit by Nathan Mackinnon.
13:56 of 3rd period - Icing by Erik Karlsson.
13:57 of 3rd period - Jamie Benn wins face-off versus Sean Monahan in DETROIT Red Wings zone.
14:12 of 3rd period - Shot by Erik Karlsson.
14:12 of 3rd period - Shot Misses the Net.
14:14 of 3rd period - Shot by Nathan Mackinnon.
14:14 of 3rd period - Stopped by Stuart Skinner without a rebound.
14:15 of 3rd period - Drake Batherson wins face-off versus Sean Monahan in PHILADELPHIA Flyers zone.
14:33 of 3rd period - Austin Czarnik is hit by Nikita Zadorov.
14:53 of 3rd period - Shot by Drake Batherson.
14:53 of 3rd period - Shot Blocked by Tj Brodie.
14:55 of 3rd period - Shot by Morgan Rielly.
14:55 of 3rd period - Stopped by Stuart Skinner without a rebound.
14:56 of 3rd period - Sean Monahan wins face-off versus Nathan Mackinnon in PHILADELPHIA Flyers zone.
15:23 of 3rd period - Shot by Jamie Benn.
15:23 of 3rd period - Shot Misses the Net.
15:55 of 3rd period - Sami Niku is hit by Matt Roy and loses puck.
16:22 of 3rd period - Shot by Joe Veleno.
16:22 of 3rd period - Shot Misses the Net.
16:24 of 3rd period - Shot by Joe Veleno.
16:24 of 3rd period - Stopped by Alexandar Georgiev with a rebound.
17:20 of 3rd period - Shot by Drake Batherson.
17:20 of 3rd period - Shot Misses the Net.
18:04 of 3rd period - Austin Czarnik is hit by Nikita Zadorov and loses puck.
18:06 of 3rd period - Minor Penalty to Nikita Zadorov for Hooking.
18:07 of 3rd period - Sean Monahan wins face-off versus Jamie Benn in DETROIT Red Wings zone.
18:35 of 3rd period - Shot by Austin Czarnik.
18:35 of 3rd period - Shot Blocked by Erik Karlsson.
19:25 of 3rd period - Shot by Jason Zucker.
19:25 of 3rd period - Shot Blocked by Jake Bean.
Goals for this period are 0 for PHILADELPHIA Flyers vs 0 for DETROIT Red Wings.
Shots for this period are 10 for PHILADELPHIA Flyers vs 8 for DETROIT Red Wings.